 Dungeon Crawl Stone Soup version 0.30-a0-743-gbfdf073431 (webtiles) character file.

Game seed: 11836368844905973271

62755 boo the Bludgeoner (level 15, -4/100 HPs)
             Began as a Gargoyle Fighter on Feb 7, 2023.
             Was a High Priest of Okawaru.
             Slain by an orc warlord
             ... wielding a +2 bardiche
              (7 damage)
             ... on level 2 of the Orcish Mines on Feb 8, 2023.
             The game lasted 01:06:50 (18464 turns).

boo the Bludgeoner (Gargoyle Fighter)              Turns: 18464, Time: 01:06:50

Health: -4/100     AC: 40    Str: 33    XL:     15   Next: 7%
Magic:  10/15      EV:  8    Int:  9    God:    Okawaru [*****.]
Gold:   1091       SH:  8    Dex:  9    Spells: 14/14 levels left

rFire   + . .      SeeInvis +    T - +1 flail (drain)
rCold   + . .      Faith    .    c - +0 buckler
rNeg    + . .      Spirit   .    P - +2 crystal plate armour
rPois   ∞          Reflect  .    R - +0 hat {Will+}
rElec   +          Harm     .    t - +0 cloak
rCorr   +          Rampage  .    (no gloves)
Will    ++...                    (no boots) Stlth
                                 e - amulet of regeneration
HPRegen 1.16/turn                u - +6 ring of strength
MPRegen 0.14/turn                i - ring of see invisible

@: mighty, resistant, heroic, flying
A: sickness immunity, AC +11, big wings, negative energy resistance 1,
electricity resistance, torment resistance 1, petrification resistance
a: Renounce Religion, Heroism, Finesse, Duel


You were on level 2 of the Orcish Mines.
You worshipped Okawaru.
Okawaru was extremely pleased with you.
You visited 4 branches of the dungeon, and saw 18 of its levels.
You also visited: Ossuary.

You collected 1263 gold pieces.
You spent 172 gold pieces at shops.

Inventory:

Hand Weapons
 a - a +0 flail
 p - a +4 dire flail of protection
 F - a +2 whip of freezing
 T - a +1 flail of draining (weapon)
Armour
 c - a +0 buckler (worn)
 t - a +0 cloak (worn)
 G - a +1 chain mail of cold resistance
 P - a +2 crystal plate armour (worn)
 R - a +0 hat of willpower (worn)
Jewellery
 b - a +5 ring of evasion
 e - an amulet of regeneration (around neck)
 i - a ring of see invisible (right hand)
 u - a +6 ring of strength (left hand)
 M - an amulet of the acrobat
 O - an amulet of magic regeneration
 S - an amulet of guardian spirit
Wands
 g - a wand of flame (37)
 s - a wand of paralysis (21)
 E - a wand of light (8)
 H - a wand of iceblast (27)
Scrolls
 n - 3 scrolls of magic mapping
 o - 3 scrolls of poison
 x - a scroll of enchant armour
 y - 5 scrolls of enchant weapon
 z - a scroll of summoning
 A - 3 scrolls of fog
 I - a scroll of identify
Potions
 d - 2 potions of might
 f - 4 potions of flight
 h - 4 potions of mutation
 j - a potion of resistance
 k - a potion of lignification {unknown}
 l - a potion of haste
 q - a potion of degeneration {unknown}
 r - 4 potions of magic
 w - a potion of berserk rage {unknown}
 B - 3 potions of brilliance
 C - 3 potions of invisibility {unknown}
 D - 3 potions of curing {unknown}
 N - 2 potions of ambrosia {unknown}
Miscellaneous
 L - a piece from Xom's chessboard (15/15)


   Skills:
 + Level 13.7(18.7) Fighting
 - Level 16.0(21.0) Maces & Flails
 + Level 13.7(18.7) Armour
 + Level 13.7(18.7) Shields


You had 14 spell levels left.
You didn't know any spells.
Your spell library contained the following spells:

 Spells                   Type           Power      Damage    Failure   Level
 Frozen Ramparts          Ice            0%         1d1       100%        3
 Ignite Poison            Fire/Tmut/Pois 0%         N/A       100%        3
 Inner Flame              Hex/Fire       0%         N/A       100%        3
 Kindle Blastsparks       Fire/Tloc/Air  0%         2d10      100%        3
 Cause Fear               Hex            0%         N/A       100%        4
 Ice Form                 Ice/Tmut       0%         N/A       100%        4
 Petrify                  Tmut/Erth      0%         N/A       100%        4
 Borgnjor's Vile Clutch   Necr/Erth      0%         N/A       100%        5
 Freezing Cloud           Conj/Ice/Air   0%         6-21      100%        5
 Irradiate                Conj/Tmut      0%         3d11      100%        5
 Discord                  Hex            0%         N/A       100%        8
 Sublimation of Blood     Necr           Unusable   N/A       N/A         2
 Animate Dead             Necr           Unusable   N/A       N/A         4
 Summon Ice Beast         Ice/Summ       Unusable   N/A       N/A         4
 Death Channel            Necr           Unusable   N/A       N/A         6

Dungeon Overview and Level Annotations

Branches:
Dungeon (10/15)            Temple (0/1) D:5            Lair (5/5) D:9
  Swamp (0/4) Lair:2        Snake (0/4) Lair:2        Slime (0/5) Lair:4
    Orc (2/2) D:10            Elf (1/3) Orc:2       Ossuary (visited)

Altars:
Elyvilon
Fedhas
Gozag
Makhleb
Okawaru
Qazlal
Ru
Trog
Wu Jian
Xom
Yredelemnul
Zin
Jiyva

Shops:
D:5 *   D:6 [   Orc:2 [

Annotations:
D:8 exclusion: downstairs
D:10 2 transporters
Lair:3 exclusion: downstairs
Lair:4 exclusion: downstairs
Orc:1 2 transporters, timneilson's ghost, journeyman GrFi


Innate Abilities, Weirdness & Mutations

You are immune to sickness and miasma.
Your stone body is resilient. (AC +11)
You are immune to poison.
Your large and strong wings let you fly.
You resist negative energy. (rN+)
You are resistant to electric shocks. (rElec)
You are resistant to unholy torment.
You are immune to petrification.


Message History

Okawaru accepts your kill. The gnoll hits you but does no damage.
You barely miss the orc. You barely miss the orc.
You feel yourself slow down.
You thump the orc!
You kill the orc!
The orc hits you but does no damage. The orc warlord barely misses you.
The gnoll barely misses you.
You gain the combat prowess of a mighty hero.
You block the orc warlord's attack. The gnoll barely misses you.
The orc priest mumbles some strange prayers to Beogh against you.
Beogh smites you!
* * * LOW HITPOINT WARNING * * *
The orc hits you but does no damage.
You fail to use your ability.
The orc no longer looks unusually strong.
The orc warlord hits you but does no damage.
The gnoll closely misses you.
The orc warlord roars a battlecry!
The orc goes into a battle-frenzy!
The gnoll closely misses you. x2
The orc priest mumbles some strange prayers to Beogh against you.
Beogh smites you!
* * * LOW HITPOINT WARNING * * *
Items here: ))))))) [[[[ ††††††.
You hit the orc warlord but do no damage.
You drain the orc warlord.
The orc warlord is lightly wounded.
You block the orc's attack.
The orc warlord hits you with a +2 bardiche.
* * * LOW HITPOINT WARNING * * *
The gnoll hits you but does no damage. The gnoll hits you with a +0 halberd.
* * * LOW HITPOINT WARNING * * *
The orc priest barely misses you.
You hit the orc warlord but do no damage.
You drain the orc warlord.
The orc warlord is lightly wounded.
The orc warlord hits you with a +2 bardiche!
You die...

***,,,,, *## *,,,,,,,
*#.## **,,,,,*, *...#
***,,,,,,*, ##...*
**,,,,,,,,** ##.#.##
*,,,,,,,,*** #Og...#
***,,,,,,* *
###g#).## **,,,,,***
##.)o@o..## *,,,,,,**
#...)#o...##
***,,,**,
##.###.....#
*,,,,,,,,
##*##.....##***,,,,,,
#.......# *,*,,,,
##....>.# ****,,,
####.....## **,,,,
##.#......# **,,,,*
##........###*
*,,,,**


You could see an orc warlord (drained), an ogre, an orc priest (strong), 2
gnolls and an orc (strong).

Vanquished Creatures
  Gastronok (Lair:3)
  Donald (Orc:2)
  An ettin (Orc:2)
  4 hydras
  2 catoblepae (Lair:5)
  A boulder beetle (Lair:3)
  14 death yaks
  An orc high priest (Orc:2)
  A two-headed ogre (D:9)
  A deep troll shaman (Lair:5)
  Pikel (D:5)
  4 lindwurms
  An orc sorcerer (Orc:2)
  A salamander (Lair:2)
  Joseph (D:7)
  5 black mambas
  Maurice (D:8)
  14 elephants
  3 torpor snails
  20 cane toads
  Psyche (D:8)
  2 rime drakes
  9 komodo dragons
  2 trolls
  2 polar bears
  A hornet (D:8)
  Prince Ribbit (D:6)
  2 tyrant leeches (Lair:2)
  7 dream sheep (Lair:5)
  11 blink frogs
  3 wyverns
  A shadow (D:10)
  A vampire (D:9)
  59 yaks
  Grum (D:8)
  5 steam dragons
  Menkaure (Ossuary)
  7 swamp worms
  Edmund (D:5)
  An acid dragon (D:10)
  11 water moccasins
  13 orc warriors
  Duvessa (D:7)
  2 ice beasts
  2 sky beasts (D:7)
  4 black bears
  2 hornet zombies (D:7)
  29 wolves
  An ogre (D:4)
  4 centaurs
  4 kobold brigands
  Blork the orc (D:5)
  11 bullfrogs
  2 scorpions
  3 necrophages (D:7)
  A water moccasin zombie (D:7)
  A wight (D:7)
  Dowan (D:7)
  14 killer bees
  2 electric eels
  3 howler monkeys
  3 centaur zombies (D:7)
  4 lava snakes (Lair:2)
  2 hounds
  A human zombie (D:7)
  8 jellies
  13 orc priests
  Crazy Yiuf (D:5)
  Ijyb (D:5)
  22 orc wizards
  3 iguanas
  A killer bee zombie (D:7)
  4 mummies
  Robin (D:2)
  3 gnolls
  7 adders
  3 shadow imps
  2 white imps
  An ufetubus (D:4)
  2 worms
  4 dart slugs
  39 orcs
  10 bats
  9 endoplasms
  3 giant cockroaches
  9 gnoll zombies (Ossuary)
  13 goblins
  12 hobgoblins
  3 jackals (D:4)
  A quokka (D:5)
  8 ball pythons
  3 frilled lizards
  5 gnoll skeletons (Ossuary)
  5 goblin skeletons (Ossuary)
  4 goblin zombies (Ossuary)
  2 hobgoblin skeletons (Ossuary)
  4 hobgoblin zombies (Ossuary)
  14 kobolds
  9 kobold skeletons (Ossuary)
  4 kobold zombies
  An orc skeleton (Ossuary)
  3 orc zombies (Ossuary)
  5 rats
  3 rat skeletons (Ossuary)
  3 rat zombies (Ossuary)
566 creatures vanquished.

Vanquished Creatures (others)
  An orc wizard (D:6)
  An orc (D:6)
  2 kobolds (D:8)
  A bush (Lair:2)
  37 fungi
  56 plants
98 creatures vanquished.

Grand Total: 664 creatures vanquished

Notes
Turn   | Place    | Note
-------+----------+-------------------------------------------
     0 | D:1      | boo the Gargoyle Fighter began the quest for the Orb.
     0 | D:1      | Reached XP level 1. HP: 14/14 MP: 1/1
    62 | D:1      | Reached XP level 2. HP: 19/19 MP: 2/2
   104 | D:1      | Reached XP level 3. HP: 23/23 MP: 3/3
   551 | D:2      | Found a faded altar of an unknown god.
   602 | D:2      | Reached skill level 3 in Maces & Flails
   638 | D:2      | Reached XP level 4. HP: 29/29 MP: 4/4
   673 | D:2      | Found an iron altar of Okawaru.
   679 | D:2      | Became a worshipper of Warmaster Okawaru
   804 | D:2      | Noticed Robin
   837 | D:2      | Killed Robin
  1534 | D:3      | Reached XP level 5. HP: 33/33 MP: 5/5
  1595 | D:3      | Found a burning altar of Makhleb.
  2117 | D:4      | Found a sand-covered staircase.
  2131 | Ossuary  | Entered an ossuary
  2462 | Ossuary  | Reached skill level 4 in Maces & Flails
  2467 | Ossuary  | Noticed Menkaure
  2476 | Ossuary  | Killed Menkaure
  2476 | Ossuary  | Reached * piety under Okawaru
  2477 | Ossuary  | Reached XP level 6. HP: 36/39 MP: 6/6
  2888 | D:4      | Found a shimmering altar of Xom.
  2901 | D:4      | Found an ornate altar of the Wu Jian Council.
  3055 | D:4      | Reached XP level 7. HP: 43/44 MP: 4/7
  3608 | D:5      | Entered Level 5 of the Dungeon
  3626 | D:5      | Found Gozag's Platinum Reserve.
  3628 | D:5      | Found an opulent altar of Gozag.
  3655 | D:5      | Noticed Blork the orc
  3662 | D:5      | Killed Blork the orc
  3663 | D:5      | Reached skill level 5 in Maces & Flails
  3663 | D:5      | Reached skill level 5 in Armour
  3663 | D:5      | Reached skill level 5 in Shields
  3672 | D:5      | Found a staircase to the Ecumenical Temple.
  3758 | D:5      | Noticed Pikel
  3800 | D:5      | Killed Pikel
  3800 | D:5      | Reached ** piety under Okawaru
  3801 | D:5      | Reached skill level 5 in Fighting
  3801 | D:5      | Reached skill level 6 in Maces & Flails
  3801 | D:5      | Reached XP level 8. HP: 29/50 MP: 5/8
  3834 | D:5      | Noticed Ijyb
  3837 | D:5      | Paralysed by Ijyb for 3 turns
  3845 | D:5      | Paralysed by Ijyb for 5 turns
  3853 | D:5      | Killed Ijyb
  4039 | D:5      | Found a glowing silver altar of Zin.
  4187 | D:5      | Found a runed translucent door.
  4188 | D:5      | Noticed Crazy Yiuf
  4354 | D:5      | Killed Crazy Yiuf
  4593 | D:6      | Found Zuati's Antique Armour Shop.
  4658 | D:6      | Found a bloodstained altar of Trog.
  4664 | D:6      | Noticed Edmund
  4672 | D:6      | HP: 2/51 [steam dragon/ball of steam (4)]
  4792 | D:5      | Killed Edmund
  4861 | D:6      | Reached skill level 7 in Maces & Flails
  5116 | D:6      | Reached XP level 9. HP: 51/55 MP: 9/9
  5208 | D:6      | Identified the +0 ring mail of the Saviour {rPois rC+}
  5277 | D:6      | Noticed Prince Ribbit
  5280 | D:6      | Found a white marble altar of Elyvilon.
  5296 | D:6      | You fall into a shaft and drop 3 floors!
  5546 | D:9      | HP: 2/56 [yak (10)]
  5611 | D:9      | Noticed a two-headed ogre
  5757 | D:8      | Reached skill level 8 in Maces & Flails
  6104 | D:7      | Reached *** piety under Okawaru
  6104 | D:7      | Noticed Joseph
  6146 | D:7      | Noticed a hornet
  6156 | D:8      | Killed a hornet
  6194 | D:7      | Killed Joseph
  6195 | D:7      | Reached skill level 9 in Maces & Flails
  6195 | D:7      | Reached XP level 10. HP: 62/63 MP: 10/10
  6217 | D:7      | Noticed Duvessa
  6234 | D:7      | Killed Duvessa
  6286 | D:7      | Noticed Dowan
  6297 | D:7      | Killed Dowan
  7035 | D:7      | Found a basalt altar of Yredelemnul.
  7260 | D:6      | Reached skill level 10 in Maces & Flails
  7301 | D:6      | Killed Prince Ribbit
  7642 | D:6      | Bought a shiny chain mail for 172 gold pieces
  7836 | D:8      | Noticed Grum
  7847 | D:8      | Killed Grum
  7882 | D:8      | Reached **** piety under Okawaru
  8061 | D:8      | Found a stormy altar of Qazlal.
  8067 | D:8      | Found a blossoming altar of Fedhas.
  8072 | D:8      | Found a sacrificial altar of Ru.
  8134 | D:8      | Noticed Maurice
  8199 | D:8      | Killed Maurice
  8428 | D:8      | Reached XP level 11. HP: 61/69 MP: 11/11
  8531 | D:8      | Noticed Psyche
  8552 | D:8      | Killed Psyche
  8779 | D:9      | Identified the +3 ring mail "Bauxtodo" {Int+3}
  8921 | D:9      | Reached skill level 11 in Maces & Flails
  8952 | D:9      | Killed a two-headed ogre
  8998 | D:9      | Found a staircase to the Lair.
  9558 | Lair:1   | Entered Level 1 of the Lair of Beasts
  9905 | Lair:1   | Noticed a death yak
  9906 | Lair:1   | Noticed a death yak
 10027 | Lair:1   | Reached skill level 12 in Maces & Flails
 10136 | Lair:1   | Reached skill level 10 in Armour
 10136 | Lair:1   | Reached XP level 12. HP: 77/77 MP: 12/12
 10146 | Lair:1   | Reached skill level 10 in Shields
 10215 | Lair:1   | Reached skill level 10 in Fighting
 10996 | Lair:2   | Noticed a seven-headed hydra
 11017 | Lair:2   | Killed a seven-headed hydra
 11017 | Lair:2   | Reached ***** piety under Okawaru
 11469 | Lair:2   | Reached skill level 13 in Maces & Flails
 11527 | Lair:2   | You fall into a shaft and drop 2 floors!
 11530 | Lair:4   | Noticed a seven-headed hydra
 11555 | Lair:4   | Killed a seven-headed hydra
 11757 | Lair:3   | Noticed a boulder beetle
 11838 | Lair:3   | Killed a boulder beetle
 12140 | Lair:3   | Reached XP level 13. HP: 27/84 MP: 10/13
 12540 | Lair:2   | Reached skill level 14 in Maces & Flails
 12580 | Lair:2   | Found a staircase to the Snake Pit.
 12860 | Lair:2   | Received a gift from Okawaru
 13527 | Lair:2   | Found a staircase to the Swamp.
 14295 | Lair:3   | Noticed Gastronok
 14309 | Lair:3   | Killed Gastronok
 14803 | Lair:4   | Found a viscous altar of Jiyva.
 14803 | Lair:4   | Found a staircase to the Slime Pits.
 15024 | Lair:4   | Reached skill level 15 in Maces & Flails
 15552 | Lair:5   | Entered Level 5 of the Lair of Beasts
 15583 | Lair:5   | Gained mutation: Your large and strong wings let you fly.
                  | [Gargoyle growth]
 15583 | Lair:5   | Reached XP level 14. HP: 89/92 MP: 14/14
 15744 | Lair:5   | Found a white marble altar of Elyvilon.
 16451 | Lair:5   | Reached ****** piety under Okawaru
 16491 | Lair:5   | Identified the +1 robe "Nomeom" {rPois MP+9 Archmagi}
                  | (Okawaru gifted it to you on level 5 of the Lair of Beasts)
 16491 | Lair:5   | Received a gift from Okawaru
 16509 | Lair:5   | Reached skill level 16 in Maces & Flails
 16588 | Lair:5   | Found the +8 lance "Wyrmbane" {slay drac, rPois rF+ rC+
                  | AC+3}
 16588 | Lair:5   | Found the +7 captain's cutlass {speed, disarm}
 17146 | D:10     | Entered Level 10 of the Dungeon
 17215 | D:10     | Found a staircase to the Orcish Mines.
 17328 | D:10     | Identified the +0 robe of the Albatross {rN+ Int+3}
 17691 | D:10     | Found a transporter.
 17694 | D:10     | Found a transporter.
 17837 | Orc:1    | Entered Level 1 of the Orcish Mines
 17837 | Orc:1    | You are sucked into a shaft and drop 1 floor!
 17837 | Orc:2    | Entered Level 2 of the Orcish Mines
 17942 | Orc:2    | Found Ixenlasesu's Armour Boutique.
 18038 | Orc:1    | Found a transporter.
 18042 | Orc:1    | Found a transporter.
 18042 | Orc:1    | Noticed timneilson's ghost (journeyman GrFi)
 18043 | Orc:1    | Identified the +6 giant club of Perfectionism {flame, rF+
                  | rC+ MP+9 Dex+3}
 18043 | Orc:1    | Identified the +10 great mace "Tavvej" {speed, rC+}
 18273 | Orc:2    | Noticed an orc warlord
 18274 | Orc:2    | Noticed Donald
 18285 | Orc:2    | Found a staircase to the Elven Halls.
 18288 | Elf:1    | Entered Level 1 of the Elven Halls
 18392 | Orc:2    | Reached XP level 15. HP: 52/99 MP: 15/15
 18418 | Orc:2    | Killed Donald
 18462 | Orc:2    | HP: 5/100 [orc priest/divine providence (13)]
 18464 | Orc:2    | Slain by an orc warlord

Illustrated notes

Levels and vault maps discovered:
D:1:      dpeg_arrival_houses_and_road, layout_rooms,
          minmay_misc_feat_diagonals, chequers_serial_rivers_micro_e,
          st_stairs_10
D:2:      layout_basic, basic_altar, shapermc_ecumenical_altar_acropolis,
          minmay_split_cup_small, uniq_robin
D:3:      layout_loops_ring, overflow_temple_1_default, minivault_25
D:4:      layout_basic, grunt_temple_overflow_open, nicolae_ossuary_entry_giza,
          serial_bayou_pond_e
D:5:      layout_basic, nicolae_gozag_zags_fifth_avenue, lemuel_doored_altar,
          minmay_temple_entry_trees, kennysheep_generic_room_14,
          uniq_crazy_yiuf_cottage, uniq_blork_the_orc, uniq_ijyb, uniq_pikel
D:6:      layout_basic, elyvilon_altar_5, trog_three_pillars_becter,
          serial_shops, nicolae_shop_hallway_plus, minmay_strange_pillars,
          uniq_edmund, uniq_prince_ribbit1
D:7:      layout_layer_cave, lemuel_mausoleum_altar_yredelemnul, worms_lemuel,
          uniq_duvessa, uniq_joseph
D:8:      layout_loops_corners, minmay_overflow_temple_star_quad, uniq_psyche,
          uniq_grum, uniq_maurice
D:9:      layout_gridville, david_lair_generic, minmay_statues_item,
          minmay_quadrilaterals
D:10:     gammafunk_beogh_shrine, layout_loops_cross, orc_0_dummy
Lair:1:   layout_hall_layers
Lair:2:   layout_gridlike, palyth_hydra_swamp_entry,
          nicolae_snake_entry_warm_welcome, beast_lair_carwin_7
Lair:3:   layout_long_grid, st_stairs_5, grunt_megastairs_2, uniq_gastronok
Lair:4:   layout_gridlike, nicolae_slime_entry_field_trip, minmay_lindwurm_lava
Lair:5:   grunt_lair_end_beastmaster, layout_gridlike, basic_altar,
          chequers_serial_rivers_large_b
Orc:1:    layout_diamond_mine, gammafunk_ghost_smash
Orc:2:    st_orc_mages, layout_diamond_mine, serial_shops, nicolae_shop_trees,
          uniq_donald
Elf:1:    eino_elf_arrival_the_gate, layout_loops_cross, serial_shops,
          nicolae_shop_statue_plus, basic_altar, minivault_28

Skill      XL: |  1  2  3  4  5  6  7  8  9 10 11 12 13 14 |
---------------+-------------------------------------------+-----
Maces & Flails | 3 4 6 7 9 10 12 13 15 16 | 16.0
Fighting       | 4 5 6 7 8 9 11 12 13 | 13.7
Armour         | 4 5 6 7 8 10 11 12 13 | 13.7
Shields        | 4 5 6 7 8 9 11 12 13 | 13.7

Action                     |  1- 3 |  4- 6 |  7- 9 | 10-12 | 13-15 || total
---------------------------+-------+-------+-------+-------+-------++-------
  Melee: Flail             |   134 |   314 |   285 |  1112 |  1352 ||  3197
         Whip              |       |       |    96 |       |       ||    96
 Invoke: Heroism           |       |     1 |    13 |    30 |    19 ||    63
         Finesse           |       |       |       |       |     1 ||     1
  Evoke: Piece from Xom's  |       |       |       |     1 |       ||     1
    Use: Scroll            |       |     7 |     6 |     5 |    11 ||    29
         Potion            |       |       |     2 |     1 |     7 ||    10
 Armour: Scale mail        |    88 |   116 |       |       |       ||   204
         Chain mail        |       |     7 |   226 |   553 |    91 ||   877
         Crystal plate arm |       |       |       |       |   697 ||   697
  Dodge: Dodged            |    84 |   122 |   252 |   645 |   577 ||  1680
  Block: Buckler           |    33 |    54 |    92 |   315 |   375 ||   869

Table legend: (Time is in decaauts)
 A = Elapsed time spent in this place.
 B = Non-inter-level travel time spent in this place.
 C = Inter-level travel time spent in this place.
 D = Time resting spent in this place.
 E = Time spent auto-exploring this place.
 F = Levels seen in this place.
 G = Mean time per level.
                   A        B        C        D        E       F      G
               +--------+--------+--------+--------+--------+-----+--------+
         Total |  18036 |  17039 |    997 |   2092 |   8789 |  19 |  949.3 |
       Dungeon |   9846 |   9238 |    608 |    641 |   5934 |  10 |  984.6 |
          Lair |   7030 |   6642 |    388 |   1243 |   2646 |   5 | 1406.0 |
  Orcish Mines |    502 |    502 |      0 |    148 |     37 |   2 |  251.0 |
   Elven Halls |     59 |     59 |      0 |     59 |      0 |   1 |   59.0 |
       Ossuary |    596 |    596 |      0 |      0 |    172 |   1 |  596.0 |
               +--------+--------+--------+--------+--------+-----+--------+

Top non-repeatable levels by time:
  Lair:2: 2335 daAuts
     D:7: 1511 daAuts
     D:9: 1295 daAuts
  Lair:5: 1269 daAuts
  Lair:3: 1215 daAuts
     D:8: 1187 daAuts
     D:6: 1182 daAuts
  Lair:1: 1112 daAuts
  Lair:4: 1098 daAuts
     D:2: 1006 daAuts
     D:4: 906 daAuts
     D:5: 876 daAuts
    D:10: 662 daAuts
     D:3: 641 daAuts
 Ossuary: 596 daAuts
